Map: Canyon of Tribulation

Players

Raynar - Winner!

  • Race: Protoss Protoss
  • Spawn Location: 7:00

SlushyStar - Winner!

  • Race: Terran Terran
  • Spawn Location: 6:00

Throwfordays - Winner!

  • Race: Protoss Protoss
  • League: Silver
  • Spawn Location: 6:00

VOD

Have the link to the VOD?

Description

Time

  • Played on: April 26, 2019, 2:41 p.m.
  • Length: 15:47
Show
View Real Time Build Order
Export as new Build Order

Raynar Protoss - Winner!

Build Orders:  

Get SALT Encoding   

  1  0:00  Probe (Chrono Boost)  
  13  0:10  Probe (Chrono Boost)  
  14  0:25  Pylon  
  14  0:35  Probe (Chrono Boost)  
  15  0:51  Gateway  
  15  0:56  Probe (Chrono Boost)  
  16  1:05  Forge  
  16  1:13  Probe (Chrono Boost)  
  17  1:45  Pylon  
  17  1:54  Pylon  
  17  2:21  Photon Cannon  
  17  2:29  Photon Cannon  
  18  2:31  Probe (Chrono Boost)  
  18  2:37  Gateway  
  18  2:48  Probe (Chrono Boost)  
  19  3:05  Probe (Chrono Boost)  
  20  3:12  Pylon  
  20  3:19  Photon Cannon  
  21  3:22  Probe (Chrono Boost)  
  21  3:25  Pylon  
  21  3:38  Probe (Chrono Boost)  
  22  3:55  Probe (Chrono Boost)  
  23  4:00  Nexus  
  23  4:04  Photon Cannon  
  23  4:12  Probe (Chrono Boost)  
  24  4:39  Photon Cannon  
  24  4:57  Photon Cannon  
  24  5:21  Photon Cannon  
  24  5:25  Pylon  
  24  5:30  Photon Cannon  
  24  5:44  Cybernetics Core  
  24  5:49  Probe (Chrono Boost)  
  25  6:04  Photon Cannon  
  25  6:07  Pylon  
  25  6:22  Pylon  
  26  6:30  Probe (Chrono Boost)  
  26  6:35  Pylon  
  26  6:36  Probe (Chrono Boost)  
  27  6:42  Probe (Chrono Boost)  
  27  6:47  Probe (Chrono Boost)  
  28  6:53  Probe (Chrono Boost)  
  28  6:59  Shield Battery  
  30  7:00  Probe (Chrono Boost)  
  30  7:03  Photon Cannon  
  30  7:06  Photon Cannon  
  30  7:07  Probe (Chrono Boost)  
  32  7:17  Pylon, Probe (Chrono Boost)  
  33  7:24  Probe (Chrono Boost)  
  33  7:29  Pylon  
  34  7:34  Probe (Chrono Boost)  
  35  7:48  Shield Battery  
  35  7:55  Photon Cannon  
  35  8:01  Pylon  
  35  8:06  Photon Cannon  
  35  8:16  Shield Battery  
  35  8:28  Shield Battery  
  35  8:31  Photon Cannon  
  35  8:34  Photon Cannon  
  35  8:47  Photon Cannon  
  35  8:49  Pylon  
  35  9:07  Pylon  
  35  9:14  Photon Cannon  
  35  9:43  Photon Cannon  
  35  9:51  Shield Battery  
  35  9:52  Photon Cannon  
  35  10:07  Pylon  
  35  10:21  Photon Cannon  
  35  10:29  Shield Battery  
  35  10:37  Photon Cannon  
  35  10:41  Shield Battery  
  35  10:45  Photon Cannon  
  35  10:48  Photon Cannon  
  35  10:55  Photon Cannon  
  35  11:05  Photon Cannon  
  35  11:15  Shield Battery  
  35  11:28  Pylon  
  35  11:34  Shield Battery  
  35  11:37  Photon Cannon  
  35  11:52  Pylon  
  35  12:11  Photon Cannon  
  35  12:14  Pylon  
  35  12:26  Shield Battery  
  35  12:35  Pylon, Photon Cannon  
  35  12:43  Photon Cannon  
  35  13:03  Pylon  
  35  13:08  Pylon  
  35  13:34  Photon Cannon  
  35  13:36  Photon Cannon  
  35  13:42  Pylon  
  35  13:46  Pylon  
  35  14:10  Photon Cannon  
  35  14:11  Photon Cannon  
  35  14:14  Photon Cannon  
  35  14:17  Photon Cannon  
  35  14:19  Photon Cannon  
  35  14:24  Photon Cannon  
  35  14:27  Photon Cannon  
  35  14:31  Shield Battery  
  35  14:33  Shield Battery  
  35  14:36  Shield Battery  
  35  14:50  Pylon  
  35  14:54  Pylon  
  35  15:20  Photon Cannon  
  35  15:21  Photon Cannon  
  35  15:27  Photon Cannon  
  35  15:28  Photon Cannon  
  35  15:32  Photon Cannon  
  35  15:35  Photon Cannon  
Show
View Real Time Build Order
Export as new Build Order

SlushyStar Terran - Winner!

Build Orders:  

Get SALT Encoding   

  12  0:03  SCV  
  13  0:34  Supply Depot  
  13  0:35  SCV  
  14  0:52  SCV  
  15  1:09  SCV  
  16  1:26  SCV  
  16  1:27  Barracks  
  17  1:43  SCV  
  18  2:03  Refinery  
  18  2:13  Refinery  
  18  2:14  SCV  
  19  2:30  SCV  
  20  2:47  SCV  
  21  3:04  SCV  
  22  3:18  Supply Depot  
  22  3:21  SCV  
  23  3:30  Barracks Reactor  
  23  3:48  SCV  
  24  3:51  Supply Depot  
  24  4:05  SCV  
  25  4:22  Marine  
  25  4:23  Marine, Supply Depot  
  25  4:28  SCV  
  28  4:45  SCV  
  28  4:47  Marine  
  28  4:48  Marine  
  31  4:54  Command Center  
  31  4:56  Supply Depot  
  31  5:02  SCV  
  32  5:12  Marine  
  32  5:13  Marine  
  34  5:21  Factory  
  34  5:37  Marine  
  34  5:38  Marine  
  36  6:44  Factory Tech Lab  
  36  6:45  Marine  
  36  6:46  Marine  
  38  6:58  Starport  
  38  7:10  Marine x2  
  40  7:35  Marine x2  
  39  8:00  Marine x2  
  39  8:09  SCV  
  41  8:20  Refinery  
  41  8:23  Siege Tank  
  41  8:26  SCV  
  45  8:30  Starport Tech Lab  
  45  8:42  Supply Depot  
  45  8:43  SCV  
  46  8:52  Marine x2  
  48  9:00  SCV  
  48  9:08  Siege Tank  
  52  9:10  Medivac  
  52  9:15  Supply Depot  
  52  9:16  Marine  
  52  9:17  Marine, SCV  
  57  9:41  Marine  
  57  9:42  Marine  
  57  9:47  Supply Depot  
  59  9:52  Medivac  
  59  9:53  Siege Tank  
  64  10:06  Marine  
  64  10:07  Marine  
  66  10:11  Barracks  
  66  10:18  Supply Depot  
  66  10:23  SCV  
  67  10:31  Marine  
  67  10:32  Marine  
  67  10:34  Banshee  
  67  10:38  Siege Tank  
  75  10:40  SCV  
  76  10:53  Supply Depot  
  76  10:56  Marine  
  76  10:57  Marine, SCV  
  79  11:14  SCV  
  80  11:21  Marine x2  
  80  11:22  Barracks Tech Lab  
  80  11:23  Siege Tank  
  80  11:26  Supply Depot  
  85  11:31  SCV  
  85  11:34  Banshee  
  89  11:46  Marine  
  89  11:47  SCV  
  91  11:50  Armory  
  91  12:03  Refinery  
  91  12:04  SCV  
  91  12:08  Cyclone  
  95  12:31  Siege Tank x4  
  95  12:34  Banshee  
  98  12:53  Cyclone  
  101  13:34  Medivac  
  103  13:59  Siege Tank x5  
  100  14:16  Viking  
Show
View Real Time Build Order
Export as new Build Order

Throwfordays Protoss - Winner!

Build Orders:  

Get SALT Encoding   

  12  0:03  Probe (Chrono Boost)  
  13  0:18  Pylon  
  13  0:28  Probe (Chrono Boost)  
  14  0:42  Probe (Chrono Boost)  
  15  0:53  Probe (Chrono Boost)  
  16  1:05  Pylon, Probe (Chrono Boost)  
  17  1:30  Gateway  
  17  1:32  Gateway  
  17  1:45  Gateway  
  17  1:58  Gateway  
  17  2:36  Nexus  
  17  2:46  Zealot  
  19  2:55  Zealot  
  21  3:04  Zealot  
  23  3:14  Zealot  
  25  3:24  Probe (Chrono Boost)  
  27  3:41  Probe (Chrono Boost)  
  27  3:52  Zealot  
  27  3:58  Probe (Chrono Boost)  
  30  4:15  Probe (Chrono Boost)  
  29  4:25  Zealot x3  
  29  4:27  Probe (Chrono Boost)  
  36  4:32  Probe (Chrono Boost)  
  36  4:39  Probe (Chrono Boost)  
  37  4:49  Probe (Chrono Boost)  
  39  4:52  Probe (Chrono Boost)  
  39  4:55  Pylon  
  39  4:57  Cybernetics Core  
  40  5:07  Zealot  
  40  5:55  Zealot x3, Probe (Chrono Boost)  
  40  5:56  Zealot  
  49  6:02  Pylon  
  49  6:04  Pylon  
  49  6:06  Probe (Chrono Boost)  
  50  6:10  Assimilator  
  50  6:16  Assimilator  
  50  6:20  Probe (Chrono Boost)  
  51  6:35  Assimilator  
  51  6:37  Probe (Chrono Boost)  
  51  6:38  Assimilator  
  52  6:49  Zealot  
  55  6:50  Zealot x2, Probe (Chrono Boost)  
  55  6:54  Probe (Chrono Boost)  
  60  7:07  Probe x2 (Chrono Boost)  
  62  7:19  Probe (Chrono Boost)  
  62  7:24  Probe (Chrono Boost)  
  64  7:31  Probe (Chrono Boost)  
  61  8:02  Zealot  
  61  8:03  Zealot x3  
  69  8:16  Probe (Chrono Boost)  
  70  8:21  Pylon  
  70  8:22  Pylon  
  70  8:25  Pylon  
  70  8:28  Pylon  
  70  8:33  Twilight Council  
  70  8:48  Probe x2 (Chrono Boost)  
  72  8:51  Forge  
  72  8:53  Forge  
  72  8:56  Forge  
  72  8:57  Zealot x2  
  72  8:58  Zealot x2  
  80  9:05  Probe x2 (Chrono Boost)  
  80  9:08  Nexus  
  82  9:11  Assimilator  
  82  9:18  Assimilator  
  82  9:22  Pylon  
  82  9:27  Warp Gate  
  82  9:39  Unknown  
  82  10:10  Unknown  
  82  10:20  Charge  
  82  10:34  Protoss Ground Weapons Level 1, Protoss Ground Armor Level 1  
  82  10:35  Protoss Shields Level 1  
  83  10:40  Probe (Chrono Boost)  
  83  10:43  Pylon  
  83  10:45  Pylon  
  83  10:48  Pylon, Probe (Chrono Boost)  
  84  10:51  Pylon  
  84  10:54  Pylon  
  84  10:57  Probe (Chrono Boost)  
  84  10:58  Pylon  
  85  11:03  Probe (Chrono Boost)  
  85  11:05  Probe (Chrono Boost)  
  87  11:14  Probe (Chrono Boost)  
  87  11:18  Zealot x3  
  87  11:19  Zealot  
  98  11:20  Probe (Chrono Boost)  
  98  11:22  Probe (Chrono Boost)  
  98  11:36  Probe (Chrono Boost)  
  98  11:37  Probe (Chrono Boost)  
  100  11:52  Probe (Chrono Boost)  
  100  11:54  Probe (Chrono Boost)  
  92  12:09  Probe (Chrono Boost)  
  79  12:26  Probe (Chrono Boost)  
  80  12:43  Probe (Chrono Boost)  
  81  13:05  Probe (Chrono Boost)  
  80  13:11  Zealot x4  
  88  13:22  Probe (Chrono Boost)  
  89  13:39  Probe (Chrono Boost)  
  90  13:56  Probe (Chrono Boost)  
  91  14:13  Probe (Chrono Boost)  
  92  15:04  Zealot x4  
  100  15:35  Zealot x4  
Tags
 
Add a new tag
Caveats
  • Supply blocks, unpowered buildings, or Contaminate may cause inaccurate times.
  • Supply counts are checked every 10 seconds.